 Dungeon Crawl Stone Soup version 0.25-a0-253-g6f1b5d974a (webtiles) character file.

Game seed: 15801449848388044285, levelgen mode: classic

34 Borgoz the Skirmisher (level 3, -2/23 HPs)
             Began as a Gargoyle Monk on Dec 5, 2019.
             Slain by Crazy Yiuf
             ... wielding a +3 quarterstaff of chaos
              (13 damage)
             ... on level 2 of the Dungeon.
             The game lasted 00:02:10 (2266 turns).

Borgoz the Skirmisher (Gargoyle Monk)               Turns: 2266, Time: 00:02:10

Health: -2/23      AC:  4    Str: 15    XL:     3   Next: 31%
Magic:  3/3        EV: 13    Int: 10    God:
Gold:   142        SH:  0    Dex: 12    Spells: 2/2 levels left

rFire    . . .     SeeInvis .   a - +0 falchion
rCold    . . .     Gourm    .   (no shield)
rNeg     + . .     Faith    .   b - +0 robe
rPois    ∞         Spirit   .   j - -2 helmet (curse)
rElec    +         Reflect  .   (no cloak)
rCorr    .         Harm     .   (no gloves)
MR       .....                  (no boots)
Stlth    +++.......             (no amulet)
HPRegen  0.07/turn              k - ring of stealth
MPRegen  0.08/turn              (no ring)

@: no status effects
A: negative energy resistance 1, electricity resistance, unbreathing,
petrification resistance, rot immunity, AC +3
a: no special abilities


You were on level 2 of the Dungeon.
You were not hungry.

You visited 1 branch of the dungeon, and saw 2 of its levels.

You collected 142 gold pieces.

Inventory:

Hand Weapons
 a - a +0 falchion (weapon)
Armour
 b - a +0 robe (worn)
 j - a cursed -2 helmet (worn)
Jewellery
 d - an uncursed ring of ice
 k - a ring of stealth (left hand)
Scrolls
 h - 2 scrolls of enchant armour
Potions
 f - a potion of mutation
 g - a potion of haste
Comestibles
 c - 6 rations
 i - a chunk of flesh


   Skills:
 + Level 3.6 Fighting
 * Level 3.2 Long Blades
 + Level 1.2 Armour
 + Level 2.6 Dodging
 - Level 2.1 Stealth


You had 2 spell levels left.
You didn't know any spells.
Your spell library was empty.

Dungeon Overview and Level Annotations

Branches:
Dungeon (2/15)

Altars:
Nemelex Xobeh

Annotations:
D:2 Crazy Yiuf


Innate Abilities, Weirdness & Mutations

You are resistant to torment.
Your stone body is resilient. (AC +3)
You are immune to poison.
You resist negative energy. (rN+)
You are resistant to electric shocks. (rElec)
You can survive without breathing.
You are immune to petrification.
You are immune to rotting.


Message History

The fungus is severely damaged.
You hit the fungus.
The fungus is almost destroyed.
You hit the fungus.
The fungus is almost destroyed.
You hit the fungus.
You destroy the fungus!
Found a mace.
Found a runed translucent door.
You open the door.
Crazy Yiuf shouts!
There is an open translucent door here.
You barely miss Crazy Yiuf.
Crazy Yiuf yells, "Ice green poople!"
Crazy Yiuf hits you with a +3 quarterstaff of chaos!
Crazy Yiuf freezes you.
You hit Crazy Yiuf.
Crazy Yiuf is lightly wounded.
Crazy Yiuf hits you with a +3 quarterstaff of chaos!
Ouch! That really hurt!
You die...

♣♣♣♣♣#########
####*♣♣♣.♣.P)).......
#########
#...#♣..♣.P.)))######
#...÷...#
#..g@.♣♣♣♣P♣)).......
#.####### #)..#♣♣
♣♣P))).####. #.#
####* ♣♣##..###.. #.#
#....... #.# #.>#....
#.# ### ######..#.##.
#.# #.# #....#..#>##.
#.# #<# #.####.......
#.# #.# #.# #######.


You could see Crazy Yiuf.

Vanquished Creatures
  An ooze (D:1)
  2 worms (D:2)
  A leopard gecko (D:1)
  A ball python (D:1)
  2 giant cockroaches
  A goblin (D:2)
  4 hobgoblins
  5 bats
  4 kobolds
  3 rats
  A fungus (D:2)
25 creatures vanquished.

Notes
Turn   | Place    | Note
-------+----------+-------------------------------------------
     0 | D:1      | Borgoz the Gargoyle Monk began the quest for the Orb.
     0 | D:1      | Reached XP level 1. HP: 14/14 MP: 1/1
   234 | D:1      | Reached XP level 2. HP: 10/19 MP: 2/2
   765 | D:1      | Found a sparkling altar of Nemelex Xobeh.
  1213 | D:2      | Reached skill level 1 in Armour
  1602 | D:2      | Reached XP level 3. HP: 22/23 MP: 3/3
  2259 | D:2      | Found a runed translucent door.
  2260 | D:2      | Noticed Crazy Yiuf
  2266 | D:2      | Slain by Crazy Yiuf

Levels and vault maps discovered:
D:1:      onia_arrival_pentagram, layout_basic, nemelex_altar_shiori
D:2:      layout_loops_ring, st_stairs_4, uniq_crazy_yiuf_cottage

Skill      XL: |  1  2 |
---------------+-------+-----
Long Blades    | 3 |  3.2
Armour         | 1 |  1.2
Fighting       | |  3.6
Dodging        | |  2.6
Stealth        | |  2.1

Action                   || total
-------------------------++-------
Melee: Falchion          ||    98
  Use: Scroll            ||     4
 Stab: Sleeping          ||     8
  Eat: Chunk             ||     4
Armor: Robe              ||    16
Dodge: Dodged            ||    53
       Rpst.: Falchion   ||    21

Table legend:
 A = Non-vault XP
 B = Vault XP
 C = Vault XP percentage of total XP
 D = Non-vault monster count
 E = Vault monster count
 F = Vault count percentage of total count
                 A         B        C        D         E       F
            +---------+---------+-------+---------+---------+-------
      Total |      46 |       3 |   6.1 |      22 |       2 |   8.3
            +---------+---------+-------+---------+---------+-------
        D:1 |      27 |       0 |   0.0 |      13 |       0 |   0.0
        D:2 |      19 |       3 |  13.6 |       9 |       2 |  18.2
            +---------+---------+-------+---------+---------+-------
